 Dungeon Crawl Stone Soup version 0.29-a0-234-g0dae59b3db (webtiles) character file.

Game seed: 3597698397502057081

270 innerfire433 the Skirmisher (level 6, -9/79 HPs)
             Began as a Draconian Monk on Mar 3, 2022.
             Was a Priest of Okawaru.
             Mangled by an ogre
             ... wielding a +0 giant club
              (17 damage)
             ... on level 6 of the Dungeon.
             The game lasted 00:05:54 (2886 turns).

innerfire433 the Skirmisher (Draconian Monk)        Turns: 2886, Time: 00:05:55

Health: -9/79      AC: 23    Str: 15    XL:     6   Next: 1%
Magic:  6/6        EV:  2    Int: 10    God:    Okawaru [***...]
Gold:   862        SH:  0    Dex: 14    Spells: 5/5 levels left

rFire   + . .      SeeInvis .   a - +0 hand axe
rCold   . . .      Faith    .   (no shield)
rNeg    . . .      Spirit   .   (body armour unavailable)
rPois   +          Reflect  .   (helmet currently unavailable)
rElec   .          Harm     .   (cloak currently unavailable)
rCorr   .          Rampage  .   (gloves currently unavailable)
Will    .....      NoTele   +   (boots currently unavailable)
Stlth   ++........              (no amulet)
HPRegen 0.23/turn               s - ring of poison resistance
MPRegen 0.10/turn               h - ring of protection from fire

@: tree-form
A: stationary, stasis, torment immunity, boosted hp, AC +6, unfitting armour,
(cold-blooded)
a: Renounce Religion, Heroism


You were on level 6 of the Dungeon.
You worshipped Okawaru.
Okawaru was most pleased with you.
You were a tree.
You visited 1 branch of the dungeon, and saw 5 of its levels.

You collected 862 gold pieces.

Inventory:

Hand Weapons
 a - a +0 hand axe (weapon)
 f - a +0 club
 r - a +1 antimagic spear
Armour
 i - a +0 pair of boots (melded)
 m - a +0 pair of gloves (melded)
Jewellery
 g - a ring of protection from cold
 h - a ring of protection from fire (right branch)
 s - a ring of poison resistance (left branch)
Scrolls
 b - a scroll of enchant armour {unknown}
 j - 2 scrolls of fear {unknown}
 k - a scroll of holy word {unknown}
 p - a scroll of enchant weapon
 q - a scroll of magic mapping
 t - a scroll of identify
Potions
 c - 2 potions of mutation
 d - a potion of cancellation
 e - a potion of magic
 n - a potion of flight
 o - a potion of haste {unknown}
 u - a potion of attraction {unknown}


   Skills:
 + Level 4.6 Fighting
 + Level 4.2 Axes
 + Level 3.8 Dodging
 + Level 3.5 Stealth


You had 5 spell levels left.
You didn't know any spells.
Your spell library contained the following spells:

 Spells                   Type           Power      Damage    Failure   Level
 Beastly Appendage        Tmut           0%         N/A       36%         1
 Wereblood                Tmut           0%         N/A       50%         2
 Spider Form              Tmut/Pois      0%         N/A       75%         3


Dungeon Overview and Level Annotations

Branches:
Dungeon (4/15)
 Temple: D:4-7

Altars:
Okawaru
Sif Muna

Shops:
D:3 [


Innate Abilities, Weirdness & Mutations

You are a tree.
Your roots penetrate the ground, keeping you stationary.
You cannot be teleported.
You are immune to unholy pain and torment.
Your maximum health is greatly increased.
Your equipment is partially melded.
((Your plain brown scales are hard. (AC +6)))
You cannot fit into any form of body armour.
((You are cold-blooded and may be slowed by cold attacks.))


Message History

The ogre barely misses you.
You hit the ogre.
The ogre is severely wounded.
The ogre misses you.
You hit the ogre. You tail-slap the ogre.
The ogre is severely wounded.
The ogre hits you with a +0 giant club!!
Ouch! That really hurt!
* * * LOW HITPOINT WARNING * * *
Something shouts, "Out, out, thou feeble spleeny giglet!"
You are too injured to fight recklessly!
You are too injured to fight recklessly!
It was a potion of lignification.
You turn into a tree.
Your +0 pair of gloves melds into your body.
Your +0 pair of boots melds into your body.
Your roots penetrate the ground.
You are too injured to fight recklessly!
You are too injured to fight recklessly!
You are too injured to fight recklessly!
You are too injured to fight recklessly!
You are too injured to fight recklessly!
You are too injured to fight recklessly!
You barely miss the ogre.
The ogre is severely wounded.
The ogre hits you with a +0 giant club!
* * * LOW HITPOINT WARNING * * *
You closely miss the ogre.
The ogre is severely wounded.
A shadow imp comes into view.
The ogre hits you but does no damage.
You hit the ogre.
The ogre is almost dead.
The ogre hits you with a +0 giant club.
* * * LOW HITPOINT WARNING * * *
You hit the ogre but do no damage.
The ogre is almost dead.
You barely miss the shadow imp.
The shadow imp hits you but does no damage.
The ogre hits you with a +0 giant club!
You die...

#### #.. #.#
#.###.#####.#
#....♣O....)#
#####5......#
#.####... ..#
. ... ##.#
#.# #.#


You could see an ogre and a shadow imp.

Vanquished Creatures
  A sky beast (D:4)
  An orc priest (D:3)
  7 adders
  2 dart slugs
  3 orcs
  4 ball pythons (D:1)
  5 endoplasms
  2 giant cockroaches (D:1)
  8 goblins
  8 hobgoblins
  12 jackals
  3 quokkas
  8 bats
  3 frilled lizards
  9 kobolds
  2 rats (D:1)
78 creatures vanquished.

Notes
Turn   | Place    | Note
-------+----------+-------------------------------------------
     0 | D:1      | innerfire433 the Draconian Monk began the quest for the
                  | Orb.
     0 | D:1      | Reached XP level 1. HP: 19/19 MP: 1/1
   191 | D:1      | Reached XP level 2. HP: 26/26 MP: 2/2
   423 | D:1      | Found a faded altar of an unknown god.
   443 | D:1      | Reached XP level 3. HP: 31/31 MP: 3/3
   460 | D:1      | Prayed at the altar of an unknown god.
   460 | D:1      | Became a worshipper of Warmaster Okawaru
   460 | D:1      | Reached * piety under Okawaru
   460 | D:1      | Reached ** piety under Okawaru
   798 | D:2      | Found a shimmering blue altar of Sif Muna.
  1196 | D:2      | Reached XP level 4. HP: 40/40 MP: 4/4
  1565 | D:3      | Reached *** piety under Okawaru
  1731 | D:3      | Found Abet Har's Armour Shop.
  1957 | D:3      | Reached XP level 5. HP: 43/46 MP: 5/5
  1964 | D:3      | Identified a scroll of acquirement
  1964 | D:3      | Acquired 722 gold pieces
  2642 | D:4      | Noticed a sky beast
  2661 | D:4      | Killed a sky beast
  2662 | D:4      | Reached XP level 6. HP: 30/53 MP: 6/6
  2872 | D:4      | You fall into a shaft and drop 2 floors!
  2886 | D:6      | Mangled by an ogre

Illustrated notes

Levels and vault maps discovered:
D:1:      lightli_arrival_flooded_house, layout_basic,
          dreamdust_ecumenical_altar_statues, minmay_octomino_j4
D:2:      minmay_kobold_bridge, layout_loops_ring, basic_altar
D:3:      layout_rooms, serial_shops, shop, kennysheep_small_spiral
D:4:      layout_basic, mainiacjoe_overflow_alcove_1,
          minmay_temple_entry_glassed_door, minmay_a_box_with_orc_wizards_in_it
D:6:      layout_loops_ring

Skill      XL: |  1  2  3  4  5 |
---------------+----------------+-----
Stealth        | 2 3 |  3.5
Dodging        | 3 |  3.8
Fighting       | 4 |  4.6
Axes           | 4 |  4.2

Action                   |  1- 3 |  4- 6 || total
-------------------------+-------+-------++-------
Melee: Hand axe          |   125 |   159 ||   284
       Tailslap          |    12 |    21 ||    33
       Punch             |       |     1 ||     1
  Use: Scroll            |       |     8 ||     8
       Potion            |       |     1 ||     1
 Stab: Sleeping          |     9 |     2 ||    11
       Distracted        |       |     1 ||     1
Armor: Skin              |    48 |    74 ||   122
Dodge: Dodged            |    90 |   116 ||   206

Table legend: (Time is in decaauts)
 A = Elapsed time spent in this place.
 B = Non-inter-level travel time spent in this place.
 C = Inter-level travel time spent in this place.
 D = Time resting spent in this place.
 E = Time spent auto-exploring this place.
 F = Levels seen in this place.
 G = Mean time per level.
                   A        B        C        D        E       F      G
               +--------+--------+--------+--------+--------+-----+--------+
         Total |   2920 |   2835 |     85 |      0 |   2072 |   5 |  584.0 |
       Dungeon |   2920 |   2835 |     85 |      0 |   2072 |   5 |  584.0 |
               +--------+--------+--------+--------+--------+-----+--------+

Top non-repeatable levels by time:
     D:3: 1098 daAuts
     D:1: 808 daAuts
     D:2: 763 daAuts
     D:4: 234 daAuts
     D:6: 14 daAuts
